 Dungeon Crawl Stone Soup version 0.20.0-15-g7f486f2 (webtiles) character file.

255 NoAnimeNoLife the Cruncher (level 5, 0/42 HPs)
             Began as a Minotaur Gladiator on June 13, 2017.
             Slain by a worker ant (6 damage)
             ... on level 3 of the Dungeon.
             The game lasted 00:03:37 (1544 turns).

NoAnimeNoLife the Cruncher (Minotaur Gladiator)     Turns: 1544, Time: 00:03:37

Health: 0/42       AC:  5    Str: 18    XL:     5   Next: 91%
Magic:  4/4        EV: 12    Int:  5    God:
Gold:   113        SH:  0    Dex: 13    Spells: 4/4 levels left

rFire    . . .     SeeInvis .   a - +0 quarterstaff
rCold    . . .     Gourm    .   (shield currently unavailable)
rNeg     . . .     Faith    .   h - +0 ring mail
rPois    .         Spirit   .   (helmet restricted)
rElec    .         Reflect  .   (no cloak)
rCorr    .         Harm     .   (no gloves)
MR       .....                  (no boots)
Stlth    +.........             (no amulet)
Regen    0.2/turn               (no ring)
MPRegen  0.1/turn               (no ring)

@: lethally poisoned (0 -> -4)
A: retaliatory headbutt, horns 2
a: no special abilities


You were on level 3 of the Dungeon.
You were not hungry.

You visited 1 branch of the dungeon, and saw 3 of its levels.

You collected 113 gold pieces.

Inventory:

Hand Weapons
 a - a +0 quarterstaff (weapon)
Missiles
 d - 3 throwing nets (quivered)
Armour
 b - a +0 leather armour
 c - a +0 hat
 h - a +0 ring mail (worn)
Jewellery
 s - an uncursed amulet of inaccuracy
Scrolls
 g - a scroll of identify
 k - a scroll of magic mapping
 m - a scroll of teleportation
 r - a scroll of recharging {unknown}
Potions
 e - 3 potions of curing
 j - a potion of magic {unknown}
 l - a potion of lignification {unknown}
 n - a potion of cancellation {unknown}
 p - a potion of might {unknown}
 q - a potion of invisibility {unknown}
Comestibles
 f - 2 bread rations
 i - a chunk of flesh
 o - a meat ration


   Skills:
 - Level 2.4 Fighting
 + Level 8.0 Staves
 - Level 2.0 Throwing
 - Level 3.2 Dodging


You had 4 spell levels left.
You didn't know any spells.

Dungeon Overview and Level Annotations

Branches:
Dungeon (3/15)

Altars:
Gozag
Nemelex Xobeh
Vehumet
Yredelemnul


Innate Abilities, Weirdness & Mutations

You reflexively headbutt those who attack you in melee.
You have a pair of horns on your head.


Message History

You closely miss the worker ant. Your headbutt misses the worker ant.
The worker ant bites you but does no damage.
You barely miss the worker ant. You headbutt the worker ant.
The worker ant is moderately wounded.
The worker ant bites you.
* * * LOW HITPOINT WARNING * * *
You are poisoned.
The worker ant poisons you!
You hit the worker ant but do no damage.
You headbutt the worker ant.
The worker ant is heavily wounded.
You feel sick. The worker ant misses you.
You hit the worker ant but do no damage.
Your headbutt misses the worker ant.
The worker ant is heavily wounded.
The worker ant barely misses you.
You hit the worker ant.
The worker ant is almost dead.
You feel sick. The worker ant misses you. The worker ant bites you.
You die...

#..........###......#
#............#......#
#...................#
#.........#.........#
#.........##.......##
#.........##.......#
#############.#..#.#####
###.#......†.#
#@a.#........##...
....../.###.....a)......
........# #........##...
.......## #.#......# ..
....... #.#......#
....... #.##[.....
....... #....... .......
.....#... ..#.##.....


You could see a worker ant.

Vanquished Creatures
  The ghost of CODWOMAN the Chiller, an amateur DsIE (D:3)
  Robin (D:2)
  4 adders
  An ooze (D:1)
  3 worms (D:2)
  2 dart slugs
  6 bats
  2 giant cockroaches (D:2)
  15 goblins
  7 hobgoblins
  10 jackals
  2 ball pythons
  3 frilled lizards (D:2)
  2 gnoll zombies (D:2)
  6 kobolds
  5 rats
70 creatures vanquished.

Notes
Turn   | Place    | Note
-------+----------+-------------------------------------------
     0 | D:1      | NoAnimeNoLife the Minotaur Gladiator began the quest for the Orb.
     0 | D:1      | Reached XP level 1. HP: 18/18 MP: 0/0
   130 | D:1      | Reached skill level 4 in Staves
   233 | D:1      | Reached XP level 2. HP: 25/25 MP: 1/1
   430 | D:1      | Reached skill level 5 in Staves
   452 | D:1      | Reached XP level 3. HP: 22/30 MP: 2/2
   626 | D:2      | Found a radiant altar of Vehumet.
   803 | D:2      | Found a sparkling altar of Nemelex Xobeh.
  1179 | D:2      | Found an opulent altar of Gozag.
  1186 | D:2      | Reached XP level 4. HP: 37/37 MP: 3/3
  1187 | D:2      | Noticed Robin
  1204 | D:2      | Reached skill level 6 in Staves
  1220 | D:2      | Killed Robin
  1265 | D:2      | Found a basalt altar of Yredelemnul.
  1480 | D:3      | Noticed CODWOMAN's ghost (amateur DsIE)
  1493 | D:3      | Killed CODWOMAN's ghost
  1493 | D:3      | Reached skill level 8 in Staves
  1493 | D:3      | Reached XP level 5. HP: 12/42 MP: 4/4
  1544 | D:3      | Slain by a worker ant

Skill      XL: |  1  2  3  4 |
---------------+-------------+-----
Staves         | 4 5 8 |  8.0
Fighting       | |  2.4
Throwing       | |  2.0
Dodging        | |  3.2

Action                   |  1- 3 |  4- 6 || total
-------------------------+-------+-------++-------
Melee: Quarterstaff      |    93 |    77 ||   170
       Headbutt          |    12 |    12 ||    24
  Use: Scroll            |     4 |       ||     4
       Potion            |       |     1 ||     1
  Eat: Chunk             |       |     2 ||     2
Armor: Ring mail         |    23 |    12 ||    35
       Leather armour    |     2 |       ||     2
Dodge: Dodged            |    50 |    45 ||    95
